Map: King Sejong Station LE

Players

Boltor - Winner!

  • Race: Zerg Zerg
  • League: Gold

blackxored

  • Race: Zerg Zerg
  • League: Diamond

VOD

Have the link to the VOD?

Description

Time

  • Played on: July 1, 2016, 9:13 p.m.
  • Length: 10:59
Show
View Real Time Build Order
Export as new Build Order

Boltor Zerg - Winner!

Build Orders: Hatch First 

Get SALT Encoding   

  12  0:01  Drone  
  13  0:08  Drone  
  14  0:16  Overlord  
  14  0:35  Drone x2  
  16  0:37  Drone  
  17  0:53  Hatchery  
  17  0:56  Drone  
  17  1:00  Drone  
  18  1:15  Drone, Spawning Pool  
  18  1:23  Drone  
  19  1:29  Drone  
  20  1:40  Drone  
  21  1:51  Overlord  
  21  2:05  Queen  
  21  2:06  Queen  
  21  2:07  Zergling x4  
  27  2:22  Spine Crawler  
  26  2:25  Spine Crawler  
  25  2:33  Drone x3  
  28  2:38  Spine Crawler  
  28  2:41  Queen x2  
  32  3:08  Drone  
  32  3:09  Drone x3  
  36  3:29  Overlord x3  
  36  3:35  Extractor  
  36  3:36  Extractor  
  36  3:37  Extractor  
  36  3:41  Extractor, Queen  
  35  3:47  Drone x6  
  42  3:57  Drone x2  
  42  3:58  Drone x4  
  46  4:17  Drone x3  
  46  4:21  Drone x4  
  46  4:22  Lair  
  53  4:29  Evolution Chamber  
  53  4:31  Evolution Chamber  
  51  4:36  Drone  
  51  4:37  Roach Warren  
  51  4:39  Drone  
  51  4:41  Drone  
  53  5:03  Drone x2  
  53  5:04  Drone x2  
  57  5:07  Zerg Missile Weapons Level 1, Zerg Ground Armor Level 1  
  57  5:12  Overlord x3  
  57  5:19  Glial Reconstitution  
  57  5:33  Overseer  
  57  5:36  Roach x2  
  57  5:37  Roach x6  
  57  5:39  Roach  
  57  5:41  Roach  
  77  5:51  Roach  
  77  5:52  Roach x2  
  82  6:00  Overlord x2  
  82  6:37  Roach  
  82  6:38  Roach x7  
  98  6:43  Ravager  
  98  6:45  Overlord x3  
  98  6:46  Overlord  
  99  7:03  Ravager x3  
  99  7:04  Ravager x4  
  99  7:05  Roach  
  99  7:06  Roach x5  
  99  7:07  Hatchery  
  117  7:11  Zerg Missile Weapons Level 2  
  117  7:24  Zerg Ground Armor Level 2  
  117  7:34  Spore Crawler  
  80  8:25  Spore Crawler  
  55  8:27  Spore Crawler  
  55  8:28  Hydralisk Den  
  55  8:29  Spore Crawler  
  55  8:30  Spore Crawler  
  39  9:05  Hydralisk  
  39  9:06  Hydralisk x19  
  73  9:18  Roach  
  73  9:19  Roach x3  
  73  9:20  Roach  
  73  9:21  Zergling x4  
  73  9:22  Zergling x4  
  87  9:41  Drone x6  
  93  9:48  Drone x2  
  93  10:14  Spore Crawler x2  
  90  10:15  Drone x3  
  94  10:21  Roach  
  94  10:22  Roach x2  
Show
View Real Time Build Order
Export as new Build Order

blackxored Zerg 

Build Orders: Pool First 

Get SALT Encoding   

  12  0:01  Drone  
  13  0:08  Drone  
  14  0:17  Extractor  
  14  0:18  Drone  
  14  0:35  Spawning Pool  
  13  0:37  Drone  
  14  0:46  Extractor  
  14  0:47  Drone  
  15  0:52  Overlord  
  15  1:11  Drone x2  
  15  1:12  Drone  
  18  1:22  Queen  
  20  1:26  Metabolic Boost  
  20  1:34  Drone  
  20  1:38  Overlord  
  21  1:46  Baneling Nest  
  20  1:52  Zergling x2  
  21  1:58  Zergling x2  
  22  2:10  Zergling x2  
  23  2:17  Zergling x2  
  24  2:27  Hatchery  
  24  2:29  Drone  
  24  2:32  Zergling x6  
  27  2:43  Zergling x2  
  28  2:51  Overlord  
  28  2:54  Baneling  
  28  2:55  Baneling  
  27  3:08  Drone x2  
  29  3:20  Drone x2  
  31  3:30  Queen  
  31  3:32  Drone x2  
  35  3:41  Drone  
  35  3:47  Hatchery  
  35  3:49  Drone  
  36  3:57  Drone x5  
  41  4:02  Overlord  
  41  4:13  Drone x2  
  41  4:14  Lair  
  43  4:21  Drone  
  44  4:27  Drone  
  45  4:35  Extractor, Drone  
  45  4:37  Drone x3  
  48  4:42  Extractor, Drone x2  
  48  4:43  Drone x2  
  48  4:44  Extractor  
  51  4:45  Drone  
  50  5:02  Drone x3  
  50  5:04  Queen  
  50  5:05  Overlord  
  55  5:13  Overlord  
  55  5:19  Overlord  
  55  5:29  Overseer  
  55  5:35  Drone  
  56  5:37  Spire, Drone x4  
  56  5:38  Drone x2  
  56  5:39  Drone x2  
  63  6:02  Extractor  
  63  6:03  Drone x3  
  65  6:05  Extractor, Drone x3  
  67  6:14  Overlord  
  67  6:24  Spine Crawler  
  66  6:28  Spine Crawler  
  66  6:30  Spine Crawler  
  64  6:38  Overlord  
  64  6:53  Mutalisk x9  
  68  7:00  Mutalisk x2  
  68  7:01  Mutalisk x2  
  89  7:19  Overlord x3  
  89  7:23  Zerg Flyer Weapons Level 1  
  88  7:50  Mutalisk  
  88  7:51  Mutalisk x5  
  89  7:54  Zergling x24  
  89  7:55  Zergling x6  
  106  8:07  Mutalisk x3  
  93  8:20  Mutalisk  
  89  8:40  Infestation Pit, Drone x2  
  89  8:41  Drone  
  91  8:45  Zergling x6, Hatchery  
  75  9:09  Mutalisk x4  
  69  9:22  Zergling x14  
  76  9:27  Hive  
  76  9:28  Drone  
  76  9:29  Drone  
  78  9:41  Drone x2  
  64  10:22  Mutalisk x4  
  64  10:23  Mutalisk  
  73  10:33  Zergling x16  
Tags
 
Add a new tag
Caveats
  • Supply blocks, unpowered buildings, or Contaminate may cause inaccurate times.
  • Supply counts are checked every 10 seconds.